 Dungeon Crawl Stone Soup version 0.31.0 (webtiles) character file.

Game seed: 5709178160097234490

703 BigPumpCobain the Ruffian (level 7, 0/54 HPs)
             Began as a Demonspawn Shapeshifter on Jan 20, 2024.
             Was an Initiate of Gozag.
             Succumbed to an orc wizard's poison
             ... on level 5 of the Dungeon.
             The game lasted 00:07:21 (3709 turns).

BigPumpCobain the Ruffian (Demonspawn Shapeshifter) Turns: 3709, Time: 00:07:21

Health: 0/54       AC:  6    Str: 23    XL:     7   Next: 39%
Magic:  7/7        EV: 11    Int: 16    God:    Gozag
Gold:   199        SH:  4    Dex: 12    Spells: 6/6 levels left

rFire   . .          .
                       - Unarmed
rCold   . . .        (no shield)
rNeg    . . .        f - +3 leather armour
rPois   .            (helmet currently unavailable)
rElec   .            (cloak currently unavailable)
rCorr   .            (gloves currently unavailable)
SInv    .            (boots currently unavailable)
Will    .....        (no amulet)
Stlth   +            g - +6 ring of strength
HPRegen 0.29/turn    r - +6 ring of intelligence
MPRegen 0.20/turn

%: no passive effects
@: lethally poisoned (0 -> -18), beast-form, hasted, very quick
A: beast (slay +2), hooves 1, large bone plates 1, magic regeneration, demonic
magic 1
a: Begin Untransformation, Renounce Religion, Potion Petition, Call Merchant,
Bribe Branch


You were on level 5 of the Dungeon.
You worshipped Gozag.
Gozag was aware of your devotion.
You were a hulking beast.
You visited 2 branches of the dungeon, and saw 6 of its levels.

You collected 280 gold pieces.
You paid 81 gold pieces to Gozag.

Inventory:

Missiles
 B - 3 boomerangs (quivered)
Armour
 a - a +0 pair of boots
 f - a +3 leather armour (worn)
 k - a +0 scale mail
Jewellery
 g - a +6 ring of strength (left hand)
 m - a ring of ice
 r - a +6 ring of intelligence (right hand)
Talismans
 c - a beast talisman
 d - a flux talisman
 q - a serpent talisman
Wands
 z - a wand of paralysis (6)
Scrolls
 b - a scroll of fog {unknown}
 h - 5 scrolls of identify
 j - a scroll of enchant armour {unknown}
 l - a scroll of teleportation
 n - a scroll of enchant weapon {unknown}
 o - 3 scrolls of vulnerability {unknown}
 t - a scroll of poison {unknown}
 u - 4 scrolls of immolation {unknown}
 y - a scroll of blinking {unknown}
Potions
 e - a potion of enlightenment
 i - a potion of degeneration {unknown}
 p - a potion of brilliance
 w - a potion of haste
 x - a potion of berserk rage {unknown}
 A - a potion of magic


   Skills:
 + Level 4.0 Fighting
 - Level 1.7 Dodging
 * Level 6.0 Unarmed Combat
 + Level 4.3 Shapeshifting


You had 6 spell levels left.
You didn't know any spells.
Your spell library contained the following spells:

 Spells                   Type           Power      Damage    Failure   Level
 Magic Dart               Conj           0%         1d3       28%         1
 Blink                    Tloc           0%         N/A       41%         2
 Call Imp                 Summ           0%         N/A       41%         2
 Malign Gateway           Summ/Tloc      0%         N/A       100%        7
 Summon Horrible Things   Summ           0%         N/A       100%        8


Dungeon Overview and Level Annotations

Branches:
Dungeon (5/15)             Temple (1/1) D:4

Altars:
Cheibriados
Dithmenos
Fedhas
Gozag
Hepliaklqana
Kikubaaqudgha
Makhleb
Nemelex Xobeh
Okawaru
Qazlal
Ru
Sif Muna
Trog
Uskayaw
Vehumet
Wu Jian
Xom
Yredelemnul

Shops:
D:3 ![


Innate Abilities, Weirdness & Mutations

You are a hulking beast.
Your limbs bulge with bestial killing power. (Slay +2)
You have large cloven feet.
You are partially covered in large bone plates. (SH +4)
You regenerate magic rapidly.
Spells you cast may paralyse adjacent enemies.


Message History

The magic dart hits you.
Things that are here:
3 gold pieces; a +0 falchion You punch the orc wizard!
The orc wizard is no longer distracted by gold.
The orc wizard is severely wounded.
You hear some strange, mumbled words.
Something tries to affect you, but you resist.
The orc wizard hits you but does no damage.
You completely miss the orc wizard.
The orc wizard is severely wounded.
The orc wizard hits you but does no damage.
Something hits you.
* * * LOW HITPOINT WARNING * * *
You are poisoned.
You punch the orc wizard!
You kill the orc wizard!
You feel sick. Something hits you but does no damage.
You are more poisoned.
Your Fighting skill increases to level 4!
Your Unarmed Combat skill increases to level 6!
You punch something! Your kick misses something.
You feel sick. Something hits you but does no damage.
You are lethally poisoned!
You hit something. Your kick misses something.
* * * LOW HITPOINT WARNING * * *
You feel very sick.
You hear some strange, mumbled words.
A magic dart appears from out of thin air!
The magic dart hits you.
* * * LOW HITPOINT WARNING * * *
You miss something.
* * * LOW HITPOINT WARNING * * *
You feel very sick. Something hits you.
* * * LOW HITPOINT WARNING * * *
You are more poisoned.
It was a potion of haste.
You feel yourself speed up.
You die...
Your body crumbles into a pile of gold.

#.##........ ##.#
#.##<##.# #...# #.......#
#...# #.......# #...#
#.###.#.#
#####...######.##....#
#...$.......##.##....#
......(.................
#.....:$h$..##.......###.
##.#...#{########.###
#..$#.# #.# #...#.# #.#
.#(..#.## ... .......<#
...........#
).......:##.# ..##...####
#


There were no monsters in sight!

Vanquished Creatures
  A water moccasin (D:4)
  A bombardier beetle (D:3)
  3 orc priests
  A jelly (D:4)
  Crazy Yiuf (D:2)
  Ijyb (D:3)
  5 orc wizards
  Natasha (D:2)
  An iguana (D:5)
  Robin (D:3)
  4 gnolls
  7 adders
  2 dart slugs
  2 ribbon worms (D:2)
  15 orcs
  5 ball pythons
  4 endoplasms
  2 giant cockroaches
  7 goblins
  13 hobgoblins
  3 jackals (D:3)
  3 kobolds
  5 quokkas
  6 bats
  A frilled lizard (D:1)
  9 rats
104 creatures vanquished.

Notes
Turn   | Place    | Note
-------+----------+-------------------------------------------
     0 | D:1      | BigPumpCobain the Demonspawn Shapeshifter began the quest
                  | for the Orb.
     0 | D:1      | Reached XP level 1. HP: 15/15 MP: 1/1
   120 | D:1      | Reached skill level 3 in Unarmed Combat
   120 | D:1      | Gained mutation: Spells you cast may paralyse adjacent
                  | enemies. [demonic ancestry]
   120 | D:1      | Reached XP level 2. HP: 20/21 MP: 2/2
   887 | D:2      | Gained mutation: You regenerate magic rapidly. [demonic
                  | ancestry]
   887 | D:2      | Reached XP level 3. HP: 26/26 MP: 3/3
  1222 | D:2      | Found a hazy altar of Hepliaklqana.
  1241 | D:2      | Noticed Natasha
  1252 | D:2      | Killed Natasha
  1253 | D:2      | Gained mutation: You have large cloven feet. [demonic
                  | ancestry]
  1253 | D:2      | Reached XP level 4. HP: 9/33 MP: 4/4
  1530 | D:2      | Found a runed translucent door.
  1531 | D:2      | Noticed Crazy Yiuf
  1607 | D:2      | Killed Crazy Yiuf
  1608 | D:2      | Reached skill level 4 in Unarmed Combat
  1748 | D:3      | Found Semim's Antique Armour Shoppe.
  1823 | D:3      | Found Quvaat's Distillery.
  1852 | D:3      | Noticed Robin
  1852 | D:3      | Noticed Ijyb
  1858 | D:3      | Paralysed by Ijyb for 3 turns
  1867 | D:3      | Killed Ijyb
  1868 | D:3      | Reached XP level 5. HP: 28/39 MP: 5/5
  1882 | D:3      | Killed Robin
  2103 | D:3      | Noticed a great orb of eyes
  2105 | D:3      | Found a faded altar of an unknown god.
  2107 | D:3      | Noticed a great orb of eyes
  2111 | D:3      | Noticed a great orb of eyes
  2111 | D:3      | Noticed a great orb of eyes
  2427 | D:4      | Gained mutation: You are partially covered in large bone
                  | plates. (SH +4) [demonic ancestry]
  2427 | D:4      | Reached XP level 6. HP: 47/47 MP: 6/6
  2521 | D:4      | Reached skill level 5 in Unarmed Combat
  2537 | D:4      | HP: 3/70 [orc/+0 flail (6)]
  2542 | D:4      | HP: 2/70 [something (3)]
  2571 | D:4      | HP: 1/47 [something (5)]
  2575 | D:5      | Entered Level 5 of the Dungeon
  2991 | D:4      | Noticed a water moccasin
  3002 | D:4      | Killed a water moccasin
  3002 | D:4      | HP: 2/47 [poisoned by a water moccasin]
  3003 | D:4      | Reached XP level 7. HP: 2/53 MP: 7/7
  3137 | D:4      | Found a staircase to the Ecumenical Temple.
  3166 | Temple   | Entered the Ecumenical Temple
  3185 | Temple   | Became a worshipper of Gozag Ym Sagoz the Greedy
  3706 | D:5      | Reached skill level 6 in Unarmed Combat
  3709 | D:5      | Succumbed to an orc wizard's poison

Illustrated notes

Levels and vault maps discovered:
D:1:      minmay_arrival_cross, layout_basic
D:2:      layout_rooms, basic_altar, minivault_26, dk_vineyard_1,
          minmay_pentomino_pile, uniq_crazy_yiuf_cottage, uniq_natasha
D:3:      layout_basic, serial_shops, shop, shop,
          hellmonk_ecumenical_altar_watching_god, serial_bayou_ford_a,
          nicolae_goblin_pals
D:4:      layout_gridville, minmay_temple_entry_trees
D:5:      layout_loops_cross, chequers_serial_rivers_room_b,
          cheibrodos_gnoll_hut
Temple:   nicolae_temple_bog_church

Skill      XL: |  1  2  3  4  5  6  7 |
---------------+----------------------+-----
Unarmed Combat | 3 4 5 6 |  6.0
Shapeshifting  | 3 4 |  4.3
Fighting       | 2 3 4 |  4.0
Dodging        | |  1.7

Action                     |  1- 3 |  4- 6 |  7- 9 || total
---------------------------+-------+-------+-------++-------
  Melee: Unarmed           |   115 |   146 |    26 ||   287
         Punch             |     1 |     4 |       ||     5
         Kick              |       |    33 |     4 ||    37
  Throw: Boomerang         |       |    26 |     7 ||    33
    Use: Potion            |     1 |     9 |     2 ||    12
         Scroll            |       |     2 |       ||     2
   Stab: Sleeping          |     1 |       |       ||     1
 Armour: Leather armour    |    65 |    91 |    18 ||   174
         Animal skin       |     3 |       |       ||     3
         Skin              |     7 |    89 |       ||    96
  Dodge: Dodged            |    56 |    58 |    10 ||   124
  Block: Other             |       |    13 |     3 ||    16
